 Dungeon Crawl Stone Soup version 0.31.0 (webtiles) character file.

Game seed: 4045011948228249877

2670179 gohu the Conqueror (level 27, 273/273 HPs)
             Began as a Minotaur Fighter on Jan 19, 2024.
             Was a High Priest of Okawaru.
             Escaped with the Orb
             ... and 4 runes
             ... and 1 gem!
             The game lasted 03:33:16 (60420 turns).

gohu the Conqueror (Minotaur Fighter)              Turns: 60420, Time: 03:33:16

Health: 273/273    AC: 59    Str: 29    XL:     27
Magic:  31/35      EV: 18    Int:  5    God:    Okawaru [*****.]
Gold:   6116       SH: 32    Dex: 15    Spells: 26/29 levels left

rFire   + + .        S - +6 broad axe (vamp)
rCold   + . .        x - +8 tower shield
rNeg    + . .        f - +11 crystal plate armour "Gerphoc" {+Inv rC+ Regen+ Dex-5}
rPois   .            q - +0 hat of Syndicalism {rElec Regen+}
rElec   +            b - +2 cloak {rF+}
rCorr   .            R - +2 pair of gloves {Dex+3}
SInv    .            V - +1 pair of boots "Pivis" {rF+ Slay+2}
Will    ++...        B - amulet of regeneration Stlth
                     y - ring "Kigiuryt" {rN+ EV+5}
HPRegen 3.05/turn    h - ring of the Jester {AC+4 Dex+3}
MPRegen 0.24/turn

%: no passive effects
@: studying 5 skills
A: horns 2, retaliatory headbutt, talons 1, iridescent scales 1, sense
surroundings 1, weak 1, evolution 1, inability to drink after injury 2
0: Orb of Zot
}: 4/15 runes: decaying, slimy, silver, gossamer
a: Renounce Religion, Evoke Invisibility, Heroism, Finesse, Duel


You escaped.
You worshipped Okawaru.
Okawaru was extremely pleased with you.
You visited 12 branches of the dungeon, and saw 56 of its levels.
You visited 1 bazaar.
You also visited: Bailey, Gauntlet, Volcano and Desolation.

You collected 8755 gold pieces.
You spent 2639 gold pieces at shops.

Inventory:

Hand Weapons
 M - the +10 war axe of Hos Renk {pain, Str+3}
   (You found it in a Gauntlet)

   Str+3:     It affects your strength (+3).
 S - a +6 vampiric broad axe (weapon)
 U - a +4 broad axe of flaming
Missiles
 u - 37 javelins
 z - 2 throwing nets
 T - 16 silver javelins (quivered)
 X - 31 boomerangs
Armour
 b - a +2 cloak of fire resistance (worn)
 d - the +2 hat "Quaho" {rN+}
   (You found it on level 4 of the Spider Nest)

   rN+:       It protects you from negative energy.
 f - the +11 crystal plate armour "Gerphoc" (worn) {+Inv rC+ Regen+ Dex-5}
   (You acquired it on level 3 of the Lair of Beasts)

   Dex-5:     It affects your dexterity (-5).
   rC+:       It protects you from cold.
   +Inv:      It lets you turn invisible.
   Regen+:    It increases your rate of health regeneration.
 k - +6 gold dragon scales
 q - the +0 hat of Syndicalism (worn) {rElec Regen+}
   (You acquired it on level 3 of the Elven Halls)

   rElec:     It insulates you from electricity.
   Regen+:    It increases your rate of health regeneration.
 x - a +8 tower shield (worn)
 K - a +2 hat of willpower
 R - a +2 pair of gloves of dexterity (worn)
 V - the +1 pair of boots "Pivis" (worn) {rF+ Slay+2}
   (Okawaru gifted it to you on level 5 of the Lair of Beasts)

   Slay+2:    It affects your accuracy & damage with ranged weapons and melee
   (+2).
   rF+:       It protects you from fire.
Jewellery
 c - an amulet of the acrobat
 h - the ring of the Jester (right hand) {AC+4 Dex+3}
   (You found it in the Desolation of Salt)

   [ring of protection]

   AC+4:      It affects your AC (+4).
   Dex+3:     It affects your dexterity (+3).
 j - an amulet of reflection
 r - a ring of resist corrosion
 t - an amulet of faith
 y - the ring "Kigiuryt" (left hand) {rN+ EV+5}
   (You found it on level 4 of the Depths)

   [ring of evasion]

   EV+5:      It affects your evasion (+5).
   rN+:       It protects you from negative energy.
 B - an amulet of regeneration (around neck)
 D - the macabre finger necklace {Finger+ rN+}
   (You found it on level 5 of the Pits of Slime)

   [amulet of nothing]

   Finger+:   It enables you to equip an extra ring.
   rN+:       It protects you from negative energy.
 H - a ring of flight
Wands
 o - a wand of digging (28)
 w - a wand of light (50)
 C - a wand of polymorph (24)
 J - a wand of roots (62)
 Y - a wand of mindburst (38)
Scrolls
 g - 8 scrolls of revelation
 l - 31 scrolls of identify
 m - 28 scrolls of teleportation
 s - 14 scrolls of fear
 A - 2 scrolls of silence
 E - 5 scrolls of fog
 G - 6 scrolls of blinking
 L - 9 scrolls of vulnerability
 O - a scroll of summoning
Potions
 a - 8 potions of might
 e - 4 potions of invisibility
 n - 9 potions of mutation
 p - 7 potions of enlightenment
 v - 11 potions of curing
 F - 5 potions of haste
 I - 6 potions of cancellation
 N - 15 potions of heal wounds
 Q - 9 potions of lignification
 Z - 7 potions of resistance
Miscellaneous
 i - a phial of floods
 P - a lightning rod (4/4)
 W - a tin of tremorstones (2/2)


   Skills:
 O Level 27 Fighting
 - Level 0.3 Short Blades
 O Level 27 Axes
 - Level 0.7 Staves
 + Level 0.3 Ranged Weapons
 - Level 9.4 Throwing
 O Level 27 Armour
 - Level 13.0 Dodging
 - Level 25.3 Shields
 - Level 1.9 Spellcasting
 - Level 0.1 Conjurations
 - Level 0.2 Summonings
 - Level 3.2 Air Magic
 * Level 18.4 Invocations
 - Level 7.8 Evocations


You had 26 spell levels left.
You knew the following spells:

 Your Spells              Type           Power      Damage    Failure   Level
a - Swiftness             Air            3%         N/A       91%         3

Your spell library contained the following spells:

 Spells                   Type           Power      Damage    Failure   Level
 Mercury Vapours          Alch/Air       4%         N/A       91%         2
 Apportation              Tloc           0%         N/A       95%         1
 Freeze                   Ice            0%         1d3       95%         1
 Kiss of Death            Conj/Necr      0%         2d5       95%         1
 Necrotise                Necr           0%         1d4       95%         1
 Slow                     Hex            0%         N/A       95%         1
 Cigotuvi's Dreadful Rot  Necr/Alch/Air  2%         N/A       95%         2
 Ensorcelled Hibernation  Hex/Ice        0%         N/A       99%         2
 Jinxbite                 Hex            0%         N/A       99%         2
 Lesser Beckoning         Tloc           0%         N/A       99%         2
 Mephitic Cloud           Conj/Alch/Air  1%         N/A       99%         3
 Confusing Touch          Hex            0%         N/A       100%        3
 Dazzling Flash           Conj/Hex       0%         N/A       100%        3
 Frozen Ramparts          Ice            0%         1d1       100%        3
 Fugue of the Fallen      Necr           0%         N/A       100%        3
 Gell's Gravitas          Tloc           0%         N/A       100%        3
 Hailstorm                Conj/Ice       0%         3d5       100%        3
 Inner Flame              Hex/Fire       0%         N/A       100%        3
 Passwall                 Erth           0%         N/A       100%        3
 Sigil of Binding         Hex            0%         N/A       100%        3
 Teleport Other           Tloc           0%         N/A       100%        3
 Vampiric Draining        Necr           0%         2d6       100%        3
 Volatile Blastmotes      Fire/Tloc      0%         2d10      100%        3
 Anguish                  Hex/Necr       0%         N/A       100%        4
 Brom's Barrelling Bould  Conj/Erth      0%         2d3       100%        4
 Dimensional Bullseye     Hex/Tloc       0%         N/A       100%        4
 Dispel Undead            Necr           0%         3d6       100%        4
 Fulminant Prism          Conj/Alch      0%         3d5       100%        4
 Ignite Poison            Fire/Alch      0%         N/A       100%        4
 Iskenderun's Mystic Bla  Conj/Tloc      0%         2d3       100%        4
 Leda's Liquefaction      Alch/Erth      0%         N/A       100%        4
 Olgreb's Toxic Radiance  Alch           0%         N/A       100%        4
 Vhi's Electric Charge    Tloc/Air       4%         N/A       100%        4
 Alistair's Intoxication  Alch           0%         N/A       100%        5
 Arcjolt                  Conj/Air       1%         1d11      100%        5
 Curse of Agony           Necr           0%         N/A       100%        5
 Fireball                 Conj/Fire      0%         3d3       100%        5
 Freezing Cloud           Conj/Ice/Air   0%         6-21      100%        5
 Irradiate                Conj/Alch      0%         3d11      100%        5
 Iskenderun's Battlesphe  Conj           0%         2d6       100%        5
 Lee's Rapid Deconstruct  Erth           0%         3d4*      100%        5
 Metabolic Englaciation   Hex/Ice        0%         N/A       100%        5
 Bombard                  Conj/Erth      0%         9d1       100%        6
 Conjure Ball Lightning   Conj/Air       1%         3x3d6     100%        6
 Dispersal                Tloc           0%         N/A       100%        6
 Eringya's Noxious Bog    Alch           0%         4d6       100%        6
 Plasma Beam              Fire/Air       1%         2x1d11    100%        6
 Starburst                Conj/Fire      0%         6d3       100%        6
 Orb of Destruction       Conj           0%         9d5       100%        7
 Ozocubu's Refrigeration  Ice            0%         4d7       100%        7
 Borgnjor's Revivificati  Necr           0%         N/A       100%        8
 Ignition                 Fire           0%         3d3       100%        8
 Maxwell's Capacitive Co  Air            1%         ∞         100%        8
 Chain Lightning          Conj/Air       1%         3d1       100%        9
 Death's Door             Necr           0%         N/A       100%        9
 Fire Storm               Conj/Fire      0%         5d1       100%        9
 Polar Vortex             Ice            0%         N/A       100%        9
 Shatter                  Erth           0%         3d5*      100%        9
 Summon Ice Beast         Ice/Summ       Unusable   N/A       N/A         3
 Martyr's Knell           Necr/Summ      Unusable   N/A       N/A         4
 Death Channel            Necr           Unusable   N/A       N/A         6
 Sculpt Simulacrum        Ice/Alch       Unusable   N/A       N/A         6
 Haunt                    Necr/Summ      Unusable   N/A       N/A         7

Dungeon Overview and Level Annotations

Branches:
Dungeon (15/15)            Temple (1/1) D:7            Lair (5/5) D:9
  Swamp (4/4) Lair:2       Spider (4/4) Lair:3        Slime (5/5) Lair:5
    Orc (2/2) D:10            Elf (3/3) Orc:2        Vaults (5/5) D:14
  Crypt (3/3) Vaults:3       Tomb (0/3) Crypt:3      Depths (4/4) D:15
    Zot (5/5) Depths:4     Bailey (visited)         Volcano (visited)
Desolation (visited)      Gauntlet (visited)

Altars:
Ashenzari
Cheibriados
Dithmenos
Elyvilon
Fedhas
Gozag
Hepliaklqana
Kikubaaqudgha
Makhleb
Nemelex Xobeh
Okawaru
Qazlal
Ru
Sif Muna
Trog
Uskayaw
Vehumet
Wu Jian
Xom
Yredelemnul
Zin
The Shining One
Lugonu

Shops:
D:5 [   D:9 (   Orc:1 *   Orc:2 [*[!   Vaults:3 (!*   Zot:4 *   Depths:4 =

Portals:
Hell: Depths:1 Depths:2 Depths:3 Depths:4
Abyss: Depths:3 Depths:4
Pandemonium: Depths:2 Depths:3
Ziggurat: Depths:1

Annotations:
Crypt:2 3 runed translucent doors, Hali's ghost, veteran FoFi


Innate Abilities, Weirdness & Mutations

You have a pair of horns on your head.
You reflexively headbutt those who attack you in melee.
You have sharp toenails.
You are partially covered in iridescent scales. (AC +2)
You passively map a small area around you.
You are weak. (Str -2)
You have hidden genetic potential.
You sometimes lose the ability to drink potions when taking damage.


Message History

You block the demonspawn black sun's attack.
You cut the demonspawn black sun into ribbons!!!
The demonspawn black sun is severely wounded.
You miss something. You slash the demonspawn black sun!
Your headbutt misses the demonspawn black sun.
The demonspawn black sun is severely wounded.
You slice something!!
You block the demonspawn black sun's attack.
Something hits you but does no damage.
Deactivating autopickup; reactivate with Ctrl-A.
You slice the demonspawn black sun!!
You kill the demonspawn black sun!
Okawaru accepts your kill.
You slash something! Something hits you!!
You feel your power leaking away.
No target in view!
No target in view!
You miss something. You headbutt something! Something hits you!
You feel your power leaking away.
You slice something!! Your headbutt misses something.
You block something's attack. Something closely misses you.
Something barely misses you. Something hits you but does no damage.
A Brimstone Fiend comes into view.
The Brimstone Fiend roars!
There is a stone staircase leading up here.
You hit something. You block something's attack.
You slash something! You headbutt something. Okawaru accepts your kill.
Reactivating autopickup.
You feel a bit more experienced. The Brimstone Fiend gestures at you.
The sphere of damnation explodes!
The damnation engulfs you!!
There is a stone staircase leading up here.
You climb upwards.
There is a stone staircase leading down here.
There is a staircase leading out of the dungeon here.
You have escaped!

#.##.## #.# ##..###.... #.###.##
#.# ##.### ##### #.# ##.## #.#
##.## #.# ##.## #.# ##.##
#####.## ##.###.###.## .......##
##.##.##.## ......#.### ##.#.#.##
#######
.###..#...#####.#.#########......
.###...#.......#@#.......##.#####
.##.....#######.#.#########.#
.###....# ##.#.#.## #.# .......##
##.##.##.## #># #####.##
##.###.###.## ##.##### #.# ##.##
#.# ##.## #......# ##'####.##
##)## ##.####.###.# ##...##.##
#...# ##.###.# #.# ##......##
###.## ##.#..###.#


There were no monsters in sight!

Vanquished Creatures
  the Royal Jelly (Slime:5)
  A pandemonium lord (Depths:1)
  Frederick (Crypt:3)
  4 dread liches
  2 orbs of fire (Zot:5)
  4 ancient liches (Zot:5)
  2 juggernauts (Depths:3)
  Bai Suzhen (Vaults:4)
  Boris (Crypt:2)
  6 Killer Klowns (Zot:5)
  Parghit (Depths:3)
  2 curse toes
  6 caustic shrikes (Depths:3)
  9 golden dragons
  Jory (Vaults:4)
  3 bone dragons
  3 electric golems
  Jorgrun (D:13)
  Rupert (D:13)
  26 Orb Guardians
  7 liches
  Mlioglotl (Swamp:1)
  14 tentacled monstrosities
  6 titans
  6 quicksilver dragons
  3 deep elf blademasters
  5 deep elf master archers
  6 sphinxes
  7 acid blobs
  Asterion (Spider:1)
  6 ancient champions
  A walking divine tome (Depths:3)
  A tentacled starspawn (Zot:4)
  8 death cobs
  5 shadow dragons
  Aizul (Swamp:1)
  20 storm dragons
  Roxanne (D:14)
  A thorn hunter (Swamp:4)
  7 tengu reavers
  6 draconian monks
  11 azure jellies
  3 protean progenitors
  Donald (Swamp:3)
  2 fenstrider witches
  8 frost giants
  7 draconian knights
  13 draconian shifters
  4 imperial myrmidons (Desolation)
  6 draconian scorchers
  2 iron dragons (Vaults:5)
  8 rockslimes
  11 vault wardens
  Louise (Spider:1)
  8 fire giants
  2 balrugs
  7 deep elf elementalists
  6 ghouls
  9 ghost moths
  6 deep elf sorcerers
  10 emperor scorpions
  4 caustic shrike zombies
  3 orc warlords
  7 draconian annihilators
  A curse skull (Crypt:2)
  A reaper (Depths:1)
  5 draconian stormcallers
  2 ironbound thunderhulks
  A broodmother (Spider:4)
  34 very ugly things
  11 quicksilver oozes
  2 spriggan defenders
  25 ironbound preservers
  2 formless jellyfish (Vaults:4)
  6 deep elf demonologists (Elf:3)
  12 stone giants
  10 vampire knights
  Nessos (D:14)
  A demonspawn black sun (D:2)
  4 war gargoyles
  3 eleionomae
  9 green draconians
  7 deep elf death magi
  12 black draconians
  A halazid warlock (Zot:4)
  7 lorocyprocas
  19 red draconians
  19 dire elephants
  26 spark wasps
  10 deep elf annihilators
  A minotaur (Gauntlet)
  5 bunyips
  Azrael (Orc:2)
  12 yellow draconians
  The ghost of NitroKuite the Severer, a journeyman MiBe of Trog (Lair:2)
  9 purple draconians
  14 white draconians
  A quicksilver dragon zombie (Crypt:3)
  6 crystal guardians
  Josephine (D:14)
  5 eidola (Crypt:2)
  9 jiangshi
  Snorg (Lair:4)
  A blizzard demon (Depths:2)
  5 entropy weavers
  13 ettins
  A merfolk javelineer (Depths:4)
  4 deep elf high priests
  6 fire dragons
  8 great orbs of eyes
  A shambling mangrove (Swamp:4)
  7 ragged hierophants (Desolation)
  12 yaktaur captains
  33 vault guards
  5 servants of whispers
  20 hydras
  10 ice dragons
  2 rakshasas
  6 peacekeepers
  5 catoblepae
  2 spriggan air magi
  3 jorogumos
  6 ghost crabs
  4 alligators
  A radroach (Spider:3)
  An ogre mage (Vaults:5)
  10 ironbound frosthearts
  8 death yaks (Lair:5)
  17 deep troll shamans
  A two-headed ogre (shapeshifter) (Depths:2)
  Erica (Lair:2)
  A death scarab (Crypt:2)
  4 two-headed ogres
  31 dancing weapons
  7 boulder beetles
  11 centaur warriors
  A titan zombie (Crypt:2)
  9 tengu warriors
  A shock serpent (shapeshifter) (Vaults:5)
  A sphinx skeleton (Vaults:2)
  3 spriggan berserkers
  9 vampire magi
  15 deep troll earth magi
  5 orc high priests
  14 hell knights
  Urug (Lair:2)
  8 demonic crawlers
  2 occultists
  4 skysharks
  2 sun demons (Depths:1)
  A shadow wraith (Crypt:2)
  16 deep elf knights
  8 iron trolls
  6 pharaoh ants
  20 skeletal warriors
  2 storm dragon zombies (Crypt:3)
  A storm dragon skeleton (Crypt:3)
  A fire crab (D:15)
  A bunyip zombie (Crypt:2)
  78 deep trolls
  3 golden dragon zombies (Crypt:3)
  A sixfirhy (Depths:2)
  A death drake (Swamp:3)
  3 goliath frogs
  4 spriggan druids
  9 swamp dragons
  A deep troll (shapeshifter) (Zot:4)
  18 deep elf archers
  2 shadow demons
  8 flayed ghosts
  5 arcanists
  12 lindwurms
  10 orb spiders
  6 steelbarb worms
  2 death drakes (shapeshifter)
  6 glowing orange brains
  11 bog bodies
  A golden dragon skeleton (Depths:1)
  A glowing orange brain (shapeshifter) (Vaults:5)
  A sun moth (Spider:2)
  An iron giant skeleton (Crypt:3)
  An elf zombie (Vaults:2)
  10 necromancers
  A harpy (Vaults:4)
  16 ironbound convokers
  Pikel (D:6)
  16 phantasmal warriors
  9 orc knights
  29 deep elf zephyrmancers
  A steelbarb worm (shapeshifter) (Vaults:5)
  A shining eye (shapeshifter) (Vaults:5)
  18 wolf spiders
  34 ugly things
  A tengu skeleton (Depths:1)
  3 will-o-the-wisps (Swamp:3)
  18 deep elf pyromancers
  4 cyclopes
  4 orc sorcerers
  5 manticores
  5 shining eyes
  A moth of wrath (shapeshifter) (Vaults:5)
  2 human zombies
  A meliai (shapeshifter) (D:15)
  4 black mambas
  22 moths of wrath
  A salamander (shapeshifter) (D:15)
  An apocalypse crab (Zot:4)
  15 elephants (Lair:5)
  An eleionoma skeleton (Crypt:3)
  4 kobold blastminers (Orc:1)
  A dire elephant zombie (Crypt:3)
  3 torpor snails
  5 guardian serpents
  4 molten gargoyles
  A water nymph (shapeshifter) (Zot:4)
  14 vault sentinels
  An eye of devastation (shapeshifter) (Depths:3)
  A black mamba (shapeshifter) (D:14)
  2 smoke demons (Gauntlet)
  2 gargoyles
  An unseen horror (D:10)
  An eye of devastation (Slime:4)
  An orange demon (Depths:1)
  6 cane toads
  2 kobold demonologists (D:13)
  A black draconian zombie (Crypt:3)
  A naga skeleton (Crypt:2)
  Maggie (Lair:2)
  6 tengu conjurers
  3 efreet
  6 freezing wraiths
  A mana viper skeleton (Crypt:1)
  A grey draconian zombie (Crypt:2)
  9 komodo dragons
  A catoblepas skeleton (Crypt:1)
  11 yaktaurs
  2 red devils
  3 trolls
  A wolf spider simulacrum (D:15)
  16 tyrant leeches
  A sun moth zombie (Crypt:3)
  22 tarantellas
  3 polar bears
  A harpy zombie (Crypt:3)
  A merfolk (shapeshifter) (Vaults:5)
  A red draconian skeleton (Crypt:2)
  39 saltlings
  Prince Ribbit (D:9)
  Grinder (D:6)
  16 hornets
  3 glass eyes
  A frost giant simulacrum (Vaults:4)
  A radroach zombie (Crypt:1)
  A guardian serpent zombie (Crypt:3)
  A raiju (shapeshifter) (D:14)
  8 blink frogs
  A fire dragon zombie (Crypt:3)
  3 dream sheep (Lair:5)
  A stone giant simulacrum (Depths:1)
  29 jumping spiders
  A fire dragon skeleton (Crypt:2)
  2 air elementals
  A centaur simulacrum (D:15)
  28 vampires
  An ice dragon skeleton (Crypt:2)
  A shadow (D:9)
  2 slime creatures (shapeshifter) (Zot:4)
  5 water elementals
  24 culicivoras
  11 wraiths
  An ettin skeleton (Vaults:4)
  66 slime creatures
  14 spriggans
  7 fire elementals
  4 basilisks
  6 wyverns
  58 yaks
  Eustachio (D:4)
  4 wargs
  51 redbacks
  2 golden eyes
  16 vampire mosquitoes
  5 steam dragons
  14 swamp worms
  3 acid dragons
  19 water moccasins
  4 hell hounds
  7 swamp drakes
  28 orc warriors
  A sky beast (D:6)
  A black bear (D:8)
  A lindwurm zombie (Crypt:1)
  4 laughing skulls (Crypt:2)
  5 boggarts
  7 ogres
  3 wolves (Lair:5)
  2 dream sheep skeletons
  5 centaurs
  A manticore skeleton (Crypt:1)
  2 human skeletons
  2 phantoms
  4 kobold brigands
  7 earth elementals
  12 bullfrogs
  4 scorpions
  A gnoll sergeant (D:9)
  2 necrophages (Crypt:3)
  8 wights
  17 killer bees
  A water moccasin skeleton (Crypt:1)
  A yak skeleton (Crypt:2)
  An electric eel (Spider:4)
  4 howler monkeys
  4 bombardier beetles
  5 crimson imps (Gauntlet)
  2 black bear zombies (Crypt:2)
  33 orc priests
  A black bear skeleton (Crypt:1)
  3 hounds
  A jelly (D:6)
  3 iron imps (D:4)
  9 iguanas
  36 orc wizards
  7 hell rats (Lair:4)
  Robin (D:2)
  8 adders
  11 gnolls
  A howler monkey skeleton (Crypt:3)
  A shadow imp (D:5)
  2 ufetubi (D:7)
  A jelly zombie (Crypt:2)
  An iguana skeleton (Crypt:1)
  A dart slug (D:4)
  4 ribbon worms
  78 orcs
  7 endoplasms
  A giant cockroach (D:4)
  19 goblins
  11 hobgoblins
  6 jackals
  19 kobolds
  6 quokkas
  9 ball pythons
  5 bats
  2 frilled lizards
  A gnoll skeleton (Crypt:1)
  A kobold skeleton (Crypt:3)
  A quokka skeleton (Crypt:2)
  3 rats
  2 butterflies (Zot:4)
  2 spectral weapons
2449 creatures vanquished.

Vanquished Creatures (others)
  2 frost giants
  A ghost moth (Zot:5)
  2 ironbound preservers (Vaults:5)
  A deep elf high priest (Elf:3)
  A vault guard (Vaults:5)
  4 deep elf knights
  A deep troll (Vaults:5)
  An arcanist (D:10)
  9 bloated husks
  2 swamp worms (Swamp:3)
  2 orc priests (Orc:2)
  2 orc wizards (Orc:2)
  3 orcs
  16 foxfires (Swamp:3)
47 creatures vanquished.

Grand Total: 2496 creatures vanquished

Notes
Turn   | Place    | Note
-------+----------+-------------------------------------------
     0 | D:1      | gohu the Minotaur Fighter began the quest for the Orb.
     0 | D:1      | Reached XP level 1. HP: 19/19 MP: 0/0
   105 | D:1      | Reached XP level 2. HP: 27/27 MP: 1/1
   691 | D:1      | Reached XP level 3. HP: 33/33 MP: 2/2
  1202 | D:2      | Reached XP level 4. HP: 41/41 MP: 3/3
  1215 | D:2      | Noticed Robin
  1240 | D:2      | Killed Robin
  1434 | D:2      | Reached skill level 5 in Axes
  1692 | D:3      | Reached XP level 5. HP: 23/47 MP: 4/4
  1805 | D:3      | Found a hide-covered altar of Uskayaw.
  1844 | D:3      | Found a basalt altar of Yredelemnul.
  1854 | D:3      | Found a glowing golden altar of the Shining One.
  1857 | D:3      | You fall into a shaft and drop 2 floors!
  1857 | D:5      | Entered Level 5 of the Dungeon
  1976 | D:4      | Found a stormy altar of Qazlal.
  2692 | D:3      | Found a glowing silver altar of Zin.
  2711 | D:3      | Reached XP level 6. HP: 47/55 MP: 5/5
  2987 | D:4      | Reached skill level 5 in Fighting
  3112 | D:4      | Found an ornate altar of the Wu Jian Council.
  3196 | D:4      | Noticed Eustachio
  3217 | D:4      | Killed Eustachio
  3367 | D:4      | Reached XP level 7. HP: 57/61 MP: 6/6
  3499 | D:4      | Found a burning altar of Makhleb.
  4455 | D:5      | Found Ystro's Antique Armour Shop.
  4659 | D:5      | Reached skill level 10 in Axes
  5101 | D:5      | Reached XP level 8. HP: 64/70 MP: 7/7
  5443 | D:6      | Found a shimmering blue altar of Sif Muna.
  5539 | D:6      | Noticed Grinder
  5609 | D:7      | Found a snail-covered altar of Cheibriados.
  5869 | D:6      | Found an opulent altar of Gozag.
  5880 | D:6      | Killed Grinder
  6238 | D:6      | Noticed Pikel
  6257 | D:6      | Killed Pikel
  6258 | D:6      | Reached XP level 9. HP: 60/79 MP: 8/8
  6264 | D:6      | Reached skill level 5 in Armour
  6765 | D:7      | Found a staircase to the Ecumenical Temple.
  6775 | Temple   | Entered the Ecumenical Temple
  6780 | Temple   | Became a worshipper of Warmaster Okawaru
  6873 | D:7      | Paralysed by a hornet for 3 turns
  7196 | D:7      | Reached skill level 1 in Throwing
  7714 | D:8      | Reached * piety under Okawaru
  7893 | D:8      | Found a shimmering altar of Xom.
  8173 | D:8      | Reached XP level 10. HP: 78/89 MP: 9/9
  8306 | D:8      | Reached ** piety under Okawaru
  8690 | D:5      | Bought a glowing cloak for 217 gold pieces
  9097 | D:9      | Noticed Prince Ribbit
  9103 | D:9      | Killed Prince Ribbit
  9104 | D:9      | Reached skill level 5 in Shields
  9154 | D:9      | Reached *** piety under Okawaru
  9330 | D:9      | Noticed a two-headed ogre
  9339 | D:9      | Killed a two-headed ogre
  9340 | D:9      | Reached skill level 15 in Axes
  9366 | D:9      | Identified the +1 falchion of Destiny {venom, Stlth+}
  9369 | D:9      | Found a staircase to the Lair.
  9491 | D:9      | Found a broken altar of Ashenzari.
  9796 | D:9      | Found Fistru's Antique Weapon Emporium.
  9811 | D:9      | Reached XP level 11. HP: 97/97 MP: 10/10
  9822 | D:10     | Entered Level 10 of the Dungeon
  9837 | D:10     | Found a bloodstained altar of Trog.
  9862 | D:10     | Reached **** piety under Okawaru
  9914 | D:10     | Found a flagged portal.
  9952 | Bailey   | Entered a bailey
 10018 | Bailey   | Noticed an orc knight
 10028 | Bailey   | Killed an orc knight
 10133 | Bailey   | Found a large runed translucent door.
 10133 | Bailey   | Found a large runed translucent door.
 10134 | Bailey   | Noticed a deep elf zephyrmancer
 10275 | Bailey   | Killed a deep elf zephyrmancer
 10298 | Bailey   | Identified the staff "Gozipiso" {rN+ Dex+2 Necro}
 10782 | D:10     | Found a staircase to the Orcish Mines.
 10915 | D:10     | Reached skill level 1 in Invocations
 11110 | D:10     | Reached skill level 10 in Fighting
 11221 | D:10     | Found an ancient bone altar of Kikubaaqudgha.
 11221 | D:10     | Found a blossoming altar of Fedhas.
 11237 | D:10     | Noticed a two-headed ogre
 11243 | D:10     | Killed a two-headed ogre
 11311 | D:10     | Noticed a wizard
 11314 | D:10     | Killed a wizard
 11482 | D:11     | Noticed a red ugly thing
 11813 | D:11     | Identified the +2 whip of Pietije {speed, rF+ Int+2}
 12074 | D:11     | Reached skill level 10 in Armour
 12076 | D:11     | Reached ***** piety under Okawaru
 12273 | D:11     | Noticed a brown ugly thing
 12287 | D:11     | Killed a brown ugly thing
 12594 | Lair:1   | Entered Level 1 of the Lair of Beasts
 12633 | Lair:2   | Noticed Erica
 12643 | Lair:2   | Killed Erica
 12686 | Lair:2   | Found a gate leading to a gauntlet.
 12698 | Gauntlet | Entered a Gauntlet
 12698 | Gauntlet | Found a transporter.
 12698 | Gauntlet | Found a transporter.
 12698 | Gauntlet | Found a transporter.
 12700 | Gauntlet | Found a transporter.
 12701 | Gauntlet | Found a transporter.
 12704 | Gauntlet | Found a transporter.
 12716 | Gauntlet | Found the +8 Vampire's Tooth {megavamp}
 12723 | Gauntlet | Found a transporter.
 12723 | Gauntlet | Found a transporter.
 12724 | Gauntlet | Found a transporter.
 12726 | Gauntlet | Found a transporter.
 12728 | Gauntlet | Noticed a catoblepas
 12739 | Gauntlet | Found a transporter.
 12739 | Gauntlet | Noticed a blizzard demon
 12813 | Gauntlet | Found a transporter.
 12895 | Gauntlet | Reached XP level 12. HP: 102/110 MP: 11/13
 13112 | Gauntlet | Killed a catoblepas
 13121 | Gauntlet | Reached skill level 5 in Throwing
 13135 | Gauntlet | Noticed a minotaur
 13153 | Gauntlet | Killed a minotaur
 13395 | Gauntlet | Identified the +10 war axe of Hos Renk {pain, Str+3}
 13399 | Gauntlet | Got the Spellbook of Execration
 13515 | Lair:2   | Reached skill level 5 in Invocations
 13879 | Lair:1   | Found a shadowy altar of Dithmenos.
 14470 | Lair:2   | Found a large runed translucent door.
 14470 | Lair:2   | Found a large runed translucent door.
 14472 | Lair:2   | Noticed NitroKuite's ghost (journeyman MiBe)
 14604 | Lair:2   | Noticed Maggie
 14611 | Lair:2   | Killed Maggie
 14614 | Lair:2   | Noticed Urug
 14676 | Lair:3   | Received a gift from Okawaru
 14888 | Lair:3   | Reached skill level 1 in Dodging
 15657 | Lair:3   | Identified a scroll of acquirement
 15657 | Lair:3   | Acquired the +11 crystal plate armour "Gerphoc" {+Inv rC+
                  | Regen+ Dex-5}
 15724 | Lair:3   | Found a hole to the Spider Nest.
 16046 | Lair:4   | Reached XP level 13. HP: 122/122 MP: 17/17
 16104 | Lair:5   | Entered Level 5 of the Lair of Beasts
 16115 | Lair:5   | Received a gift from Okawaru
 16219 | Lair:5   | Found a dark tunnel.
 16245 | Lair:5   | Reached ****** piety under Okawaru
 16245 | Lair:5   | Received a gift from Okawaru
 16250 | Lair:5   | Acquired a +0 broad axe of flaming
 16250 | Lair:5   | Received a gift from Okawaru
 16256 | Lair:5   | Acquired the +1 pair of boots "Pivis" {rF+ Slay+2}
 16256 | Lair:5   | Received a gift from Okawaru
 16283 | Volcano  | Entered a volcano
 16745 | Lair:5   | Found a staircase to the Slime Pits.
 16781 | Lair:5   | Received a gift from Okawaru
 16939 | Lair:4   | Reached skill level 15 in Fighting
 17222 | Lair:4   | Noticed Snorg
 17233 | Lair:4   | Killed Snorg
 17729 | Lair:5   | Reached XP level 14. HP: 135/135 MP: 19/19
 17792 | Lair:5   | Received a gift from Okawaru
 17793 | Lair:5   | Reached skill level 1 in Evocations
 17953 | Lair:5   | Reached skill level 10 in Shields
 18251 | Lair:5   | Received a gift from Okawaru
 18463 | Lair:2   | Killed Urug
 18702 | Lair:2   | Found a staircase to the Swamp.
 19256 | Lair:2   | Killed NitroKuite's ghost
 19641 | D:13     | Received a gift from Okawaru
 20238 | D:13     | Noticed Rupert
 20263 | D:13     | Killed Rupert
 20354 | D:13     | Noticed Jorgrun
 20366 | D:13     | Killed Jorgrun
 20472 | D:13     | Reached XP level 15. HP: 146/146 MP: 13/20
 20721 | D:13     | Received a gift from Okawaru
 21340 | D:15     | Entered Level 15 of the Dungeon
 21412 | D:14     | Noticed Nessos
 21418 | D:14     | Noticed Josephine
 21420 | D:14     | Reached skill level 15 in Armour
 21429 | D:14     | Killed Josephine
 21498 | D:14     | Found a gate to the Vaults.
 21510 | D:14     | Received a gift from Okawaru
 21615 | D:14     | Killed Nessos
 21722 | D:14     | Noticed Roxanne
 22105 | Orc:1    | Entered Level 1 of the Orcish Mines
 22271 | Orc:2    | Entered Level 2 of the Orcish Mines
 22451 | Orc:1    | Received a gift from Okawaru
 22698 | Orc:2    | Found Kul Loxoig's Distillery.
 22698 | Orc:2    | Found Nyhuroit's Armour Shoppe.
 22699 | Orc:2    | Found Giuzxima's Antique Armour Emporium.
 22703 | Orc:2    | Found Dema's General Store.
 22706 | Orc:2    | Bought a potion of haste for 160 gold pieces
 22706 | Orc:2    | Bought a potion of haste for 160 gold pieces
 22709 | Orc:2    | Bought 2 scrolls of enchant armour for 195 gold pieces
 22709 | Orc:2    | Bought 6 boomerangs for 156 gold pieces
 22737 | Orc:2    | Found a staircase to the Elven Halls.
 22739 | Orc:2    | Noticed Azrael
 22753 | Orc:2    | Killed Azrael
 23170 | Orc:1    | Found Saceexao's General Store.
 23178 | Orc:1    | Bought 2 potions of might for 112 gold pieces
 23381 | Swamp:1  | Entered Level 1 of the Swamp
 23410 | Swamp:1  | Noticed Mlioglotl
 23430 | Swamp:1  | Killed Mlioglotl
 23551 | Swamp:1  | Identified the +4 battleaxe of Disarray {freeze, rC++
                  | Int+2}
 23705 | Swamp:1  | Identified the serpent talisman of Theory {Will+}
 23705 | Swamp:1  | Noticed Aizul
 23721 | Swamp:1  | Killed Aizul
 23910 | Swamp:1  | Received a gift from Okawaru
 23911 | Swamp:1  | Reached XP level 16. HP: 157/157 MP: 21/21
 24766 | Swamp:4  | Entered Level 4 of the Swamp
 24773 | Swamp:4  | Received a gift from Okawaru
 24837 | Swamp:4  | Noticed a thorn hunter
 25035 | Swamp:3  | Received a gift from Okawaru
 25425 | Swamp:3  | Noticed Donald
 25436 | Swamp:3  | Killed Donald
 25511 | Swamp:3  | Received a gift from Okawaru
 26229 | Swamp:4  | Received a gift from Okawaru
 26346 | Swamp:4  | Killed a thorn hunter
 26443 | Swamp:4  | Got a decaying rune of Zot
 26531 | Swamp:4  | Reached XP level 17. HP: 133/168 MP: 22/22
 26774 | Spider:1 | Entered Level 1 of the Spider Nest
 26965 | Spider:1 | Reached skill level 15 in Shields
 27608 | Spider:1 | Noticed Asterion
 27620 | Spider:1 | Killed Asterion
 27695 | Spider:1 | Noticed Louise
 27716 | Spider:1 | Killed Louise
 28290 | Spider:3 | Received a gift from Okawaru
 29040 | Spider:3 | Received a gift from Okawaru
 29218 | Spider:4 | Entered Level 4 of the Spider Nest
 29758 | Spider:4 | Reached skill level 5 in Evocations
 29865 | Spider:4 | Received a gift from Okawaru
 30379 | Spider:4 | Reached XP level 18. HP: 178/178 MP: 23/23
 30580 | Spider:4 | Received a gift from Okawaru
 30744 | Spider:4 | Got a gossamer rune of Zot
 30784 | Spider:4 | Identified the +2 hat "Quaho" {rN+}
 31228 | D:14     | Killed Roxanne
 31431 | D:15     | Found a staircase to the Depths.
 32198 | D:15     | Received a gift from Okawaru
 32416 | Vaults:1 | Entered Level 1 of the Vaults
 32525 | Vaults:1 | Found a flickering gateway to a bazaar.
 32530 | Bazaar   | Entered a bazaar
 32530 | Bazaar   | Found Lomee's General Store.
 32540 | Bazaar   | Found Famum's Antique Armour Emporium.
 32550 | Bazaar   | Found Yrghehesu's Armour Emporium.
 32576 | Bazaar   | Found Wolesm's Distillery.
 32579 | Bazaar   | Found Daasyfu's Weapon Boutique.
 32601 | Bazaar   | Bought a potion of curing for 57 gold pieces
 32601 | Bazaar   | Bought a potion of heal wounds for 95 gold pieces
 32601 | Bazaar   | Bought a potion of might for 76 gold pieces
 32601 | Bazaar   | Bought a potion of mutation for 152 gold pieces
 32601 | Bazaar   | Bought 2 potions of heal wounds for 190 gold pieces
 32601 | Bazaar   | Bought 2 potions of curing for 114 gold pieces
 32601 | Bazaar   | Bought a potion of haste for 190 gold pieces
 33264 | Vaults:1 | Received a gift from Okawaru
 34044 | Vaults:2 | Reached XP level 19. HP: 187/187 MP: 24/24
 34123 | Vaults:2 | Received a gift from Okawaru
 34767 | Vaults:2 | Received a gift from Okawaru
 35517 | Vaults:3 | Received a gift from Okawaru
 35639 | Vaults:3 | Noticed a bone dragon
 35649 | Vaults:3 | Killed a bone dragon
 35677 | Vaults:3 | Found a staircase to the Crypt.
 35865 | Vaults:3 | Found Guisifor's Antique Weapon Boutique.
 36024 | Vaults:3 | Found Jojeinuv's Assorted Antiques.
 36439 | Vaults:3 | Found Mateyco's Distillery.
 36447 | Vaults:3 | Bought a potion of mutation for 136 gold pieces
 36447 | Vaults:3 | Bought 2 potions of resistance for 340 gold pieces
 36447 | Vaults:3 | Bought a potion of curing for 51 gold pieces
 36447 | Vaults:3 | Bought a potion of curing for 51 gold pieces
 36447 | Vaults:3 | Bought a potion of mutation for 136 gold pieces
 36447 | Vaults:3 | Bought a potion of curing for 51 gold pieces
 36560 | Vaults:4 | Received a gift from Okawaru
 36593 | Vaults:4 | Reached XP level 20. HP: 192/198 MP: 25/25
 36897 | Vaults:4 | Paralysed by a formless jellyfish for 1 turns
 37047 | Vaults:4 | Received a gift from Okawaru
 37126 | Vaults:4 | Noticed Bai Suzhen
 37146 | Vaults:4 | Killed Bai Suzhen
 37389 | Vaults:4 | Noticed Jory
 37420 | Vaults:4 | Killed Jory
 37849 | Elf:1    | Entered Level 1 of the Elven Halls
 37891 | Elf:1    | Found a crumbling gateway.
 37912 | Elf:1    | Paralysed by an air elemental for 1 turns
 37955 | Desolati | Entered the Desolation of Salt
 38056 | Desolati | Got Veagek's Grimoire of Transmogrification
 38146 | Desolati | Received a gift from Okawaru
 38244 | Desolati | Identified the +2 ring mail "Ketixt" {rC+}
 38397 | Desolati | Identified the ring of the Jester {AC+4 Dex+3}
 39015 | Elf:2    | Received a gift from Okawaru
 39191 | Elf:1    | Found a huge runed translucent gate.
 39191 | Elf:1    | Found a huge runed translucent gate.
 39191 | Elf:1    | Found a huge runed translucent gate.
 39191 | Elf:1    | Found a huge runed translucent gate.
 39192 | Elf:1    | Found a huge runed translucent gate.
 39193 | Elf:1    | Found a huge runed translucent gate.
 39193 | Elf:1    | Found a huge runed translucent gate.
 39193 | Elf:1    | Found a huge runed translucent gate.
 39193 | Elf:1    | Found a huge runed translucent gate.
 39193 | Elf:1    | Found a huge runed translucent gate.
 39194 | Elf:1    | Found a huge runed translucent gate.
 39194 | Elf:1    | Found a huge runed translucent gate.
 39194 | Elf:1    | Found a huge runed translucent gate.
 39194 | Elf:1    | Found a huge runed translucent gate.
 39194 | Elf:1    | Found a huge runed translucent gate.
 39194 | Elf:1    | Found a huge runed translucent gate.
 39194 | Elf:1    | Found a huge runed translucent gate.
 39194 | Elf:1    | Found a huge runed translucent gate.
 39195 | Elf:1    | Found a huge runed translucent gate.
 39195 | Elf:1    | Found a huge runed translucent gate.
 39694 | Elf:3    | Entered Level 3 of the Elven Halls
 39762 | Elf:2    | Reached XP level 21. HP: 193/209 MP: 27/27
 39835 | Elf:2    | Found a runed translucent gate.
 39836 | Elf:2    | Found a runed translucent gate.
 39836 | Elf:2    | Found a runed translucent gate.
 39998 | Elf:2    | Received a gift from Okawaru
 41249 | Elf:3    | Identified the +9 quarterstaff of Descent {flame, rF+}
 41439 | Elf:3    | Received a gift from Okawaru
 41671 | Elf:3    | Identified the +7 shortbow of Doubt {flame, rElec Int+4}
 41737 | Elf:3    | Identified the +1 leather armour "Hufa" {*Slow +Blink rElec
                  | Dex+5}
 41755 | Elf:3    | Acquired the +0 hat of Syndicalism {rElec Regen+}
 41782 | Elf:3    | Identified the +6 storm dragon scales "Jeschet" {rElec rN+
                  | Str+3}
 41858 | Elf:3    | Identified the +0 chain mail of Pomesisesm {Regen+ Int+7
                  | Dex-5}
 41880 | Elf:3    | Identified the staff of Internal Strife {rElec rPois Str-2
                  | Dex-4 SInv Alchemy}
 42414 | Vaults:5 | Entered Level 5 of the Vaults
 42503 | Vaults:5 | Noticed a dread lich
 42519 | Vaults:5 | Reached skill level 10 in Invocations
 42531 | Vaults:5 | Killed a dread lich
 42532 | Vaults:5 | Reached XP level 22. HP: 169/222 MP: 26/28
 42532 | Vaults:5 | Received a gift from Okawaru
 42817 | Vaults:5 | Noticed a golden dragon
 42829 | Vaults:5 | Killed a golden dragon
 42839 | Vaults:5 | Killed a ghostly golden dragon
 42947 | Vaults:5 | Received a gift from Okawaru
 43089 | Vaults:5 | Got a silver rune of Zot
 43164 | Vaults:5 | Got Tuumn's Handbook of Fog and the Serac
 43166 | Vaults:5 | Identified the +8 battleaxe "Qeejot" {drain, rF+}
 43189 | Vaults:5 | Identified the +2 pair of gloves of the Grue {Rampage +Inv
                  | rC+ Int+4}
 43308 | Vaults:5 | Identified the +7 glaive of Disaster {vamp, ^Fragile +Blink
                  | rC+ Int+2}
 43356 | Vaults:5 | Got Emoxexyge's Omnibus of the Snake and Distance
 43948 | Depths:1 | Entered Level 1 of the Depths
 43974 | Depths:1 | Found a one-way gateway to a ziggurat.
 44034 | Depths:1 | Identified the +1 robe "Put-Me-On" {Regen+}
 44463 | Depths:1 | Identified the +9 spear of Propriety {antimagic, rF+ rN+
                  | Str-4 Dex+3}
 44496 | Depths:1 | Received a gift from Okawaru
 44953 | Depths:1 | Found a gateway to Hell.
 45268 | Depths:2 | Received a gift from Okawaru
 45269 | Depths:2 | Reached XP level 23. HP: 232/232 MP: 29/29
 45634 | Depths:2 | Identified the +1 scimitar "Lakkeuqe" {elec, Dex+3}
 46656 | Depths:2 | Found a one-way gate leading to the halls of Pandemonium.
 46846 | Depths:4 | Entered Level 4 of the Depths
 46898 | Depths:3 | Received a gift from Okawaru
 47048 | Depths:3 | Noticed a juggernaut
 47061 | Depths:3 | Killed a juggernaut
 47067 | Depths:3 | Noticed a caustic shrike
 47067 | Depths:3 | Noticed a caustic shrike
 47067 | Depths:3 | Noticed a caustic shrike
 47080 | Depths:3 | Killed a caustic shrike
 47083 | Depths:3 | Killed a caustic shrike
 47084 | Depths:3 | Killed a caustic shrike
 47085 | Depths:3 | Received a gift from Okawaru
 47208 | Depths:3 | Found a one-way gate to the infinite horrors of the Abyss.
 47229 | Depths:3 | Noticed Parghit
 47388 | Depths:3 | Killed Parghit
 47693 | Depths:3 | Noticed a juggernaut
 47717 | Depths:3 | Killed a juggernaut
 47825 | Depths:3 | Noticed a dread lich
 47825 | Depths:3 | Noticed a caustic shrike
 47825 | Depths:3 | Noticed a caustic shrike
 47825 | Depths:3 | Noticed a caustic shrike
 47835 | Depths:3 | Received a gift from Okawaru
 47837 | Depths:3 | Paralysed by a dread lich for 3 turns
 47843 | Depths:3 | Killed a caustic shrike
 47852 | Depths:3 | Killed a dread lich
 47871 | Depths:3 | Killed a caustic shrike
 47888 | Depths:3 | Reached XP level 24. HP: 179/245 MP: 27/29
 47995 | Depths:3 | Got the Octavo of the Fifth Circle and the Flock
 48293 | Depths:4 | Identified the ring "Kigiuryt" {rN+ EV+5}
 48389 | Depths:4 | Found Losuqap's One-of-a-Kind Rings.
 48473 | Depths:4 | Received a gift from Okawaru
 48716 | Depths:4 | Found a stormy altar of Qazlal.
 48967 | Depths:4 | Acquired a manual of Air Magic
 48976 | Depths:4 | Learned a level 3 spell: Swiftness
 49023 | Depths:4 | Found a gate to the Realm of Zot.
 49143 | Zot:1    | Entered Level 1 of the Realm of Zot
 49201 | Zot:1    | Reached skill level 1 in Air Magic
 49336 | Zot:1    | Received a gift from Okawaru
 49510 | Zot:1    | Reached skill level 27 in Fighting
 49580 | Zot:1    | Reached skill level 1 in Spellcasting
 50483 | Zot:2    | Received a gift from Okawaru
 50542 | Zot:2    | Reached skill level 27 in Axes
 50562 | Zot:2    | Reached skill level 5 in Dodging
 51098 | Zot:4    | Received a gift from Okawaru
 51258 | Zot:3    | Reached XP level 25. HP: 257/257 MP: 0/29
 52033 | Zot:3    | Gained mutation: You are frail. (-10% HP) [mutagenic glow]
 52048 | Zot:3    | Gained mutation: You occasionally lose the ability to drink
                  | potions when taking damage. [mutagenic glow]
 52136 | Zot:4    | Received a gift from Okawaru
 52734 | Zot:4    | Received a gift from Okawaru
 52973 | Zot:5    | Entered Level 5 of the Realm of Zot
 53041 | Zot:4    | Found a corrupted altar of Lugonu.
 53483 | Zot:4    | Found Biehakhlo's CLEARANCE SALE!.
 54013 | Slime:1  | Entered Level 1 of the Pits of Slime
 54029 | Slime:2  | Gained mutation: Armour fits poorly on your strangely
                  | shaped body. [a shining eye]
 54031 | Slime:2  | Gained mutation: You occasionally lose the ability to read
                  | scrolls when taking damage. [a shining eye]
 54034 | Slime:2  | Gained mutation: Your health recovers twice as slowly from
                  | being drained. [a shining eye]
 54054 | Slime:2  | Gained mutation: You sometimes lose the ability to read
                  | scrolls when taking damage. [a shining eye]
 54163 | Slime:5  | Entered Level 5 of the Pits of Slime
 54163 | Slime:5  | Found the macabre finger necklace {Finger+ rN+}
 54205 | Slime:5  | Gained mutation: You are weak. (Str -2) [a shining eye]
 54208 | Slime:5  | Gained mutation: You sometimes lose your temper in combat.
                  | [a shining eye]
 54343 | Slime:5  | Gained mutation: You are very weak. (Str -4) [a shining
                  | eye]
 54344 | Slime:5  | Gained mutation: You are very frail. (-20% HP) [a shining
                  | eye]
 54422 | Slime:5  | Noticed the Royal Jelly
 54440 | Slime:5  | Killed the Royal Jelly
 54541 | Slime:5  | Got a slimy rune of Zot
 54584 | Slime:5  | Got a starry gem with 78 turns to spare
 54589 | Slime:5  | Identified the staff "Itaps" {rElec Str-4 Dex+4 SInv Air}
 54599 | Slime:5  | Identified the +9 lajatang "Ysidic" {speed, rElec rC+
                  | Str+6}
 54619 | Slime:5  | Identified the +4 mace of the Twenty Allies {flame, rPois
                  | rN+}
 54623 | Slime:5  | Identified the +8 chain mail of Absolutism {Regen+}
 54648 | Slime:5  | Identified the +10 sling "Ojiuxe" {freeze, rPois Will+
                  | Dex-2}
 54661 | Slime:5  | Lost the starry gem through the power of Zot.
 55036 | Crypt:1  | Entered Level 1 of the Crypt
 55047 | Crypt:1  | Received a gift from Okawaru
 55056 | Crypt:1  | Paralysed by something for 2 turns
 55114 | Crypt:1  | Lost mutation: Your health recovers twice as slowly from
                  | being drained. [potion of mutation]
 55114 | Crypt:1  | Lost mutation: You sometimes lose the ability to read
                  | scrolls when taking damage. [potion of mutation]
 55114 | Crypt:1  | Lost mutation: You are very frail. (-20% HP) [potion of
                  | mutation]
 55114 | Crypt:1  | Lost mutation: Armour fits poorly on your strangely shaped
                  | body. [potion of mutation]
 55114 | Crypt:1  | Gained mutation: You have sharp toenails. [potion of
                  | mutation]
 55114 | Crypt:1  | Lost mutation: You are frail. (-10% HP) [potion of
                  | mutation]
 55115 | Crypt:1  | Lost mutation: You sometimes lose your temper in combat.
                  | [potion of mutation]
 55115 | Crypt:1  | Lost mutation: You occasionally lose the ability to read
                  | scrolls when taking damage. [potion of mutation]
 55115 | Crypt:1  | Lost mutation: You are very weak. (Str -4) [potion of
                  | mutation]
 55115 | Crypt:1  | Gained mutation: You have hidden genetic potential. [potion
                  | of mutation]
 55115 | Crypt:1  | Gained mutation: You passively map a small area around you.
                  | [potion of mutation]
 55564 | Crypt:3  | Entered Level 3 of the Crypt
 55644 | Crypt:2  | Found a basalt altar of Yredelemnul.
 55683 | Crypt:2  | Reached XP level 26. HP: 266/266 MP: 30/30
 55781 | Crypt:2  | Reached skill level 27 in Armour
 56001 | Crypt:2  | Found a runed translucent gate.
 56001 | Crypt:2  | Found a runed translucent gate.
 56001 | Crypt:2  | Found a runed translucent gate.
 56007 | Crypt:2  | Noticed Hali's ghost (veteran FoFi)
 56008 | Crypt:2  | Found the +9 sword of Power {lifebolt}
 56066 | Crypt:2  | Noticed Boris
 56084 | Crypt:2  | Killed Boris
 56202 | Crypt:2  | Received a gift from Okawaru
 56208 | Crypt:2  | Reached skill level 10 in Dodging
 56639 | Crypt:3  | Found a staircase to the Tomb.
 57225 | Crypt:3  | Identified the orb of the Thinker {light, Fly rC- rN+}
 57225 | Crypt:3  | Noticed Frederick
 57255 | Crypt:3  | Killed Frederick
 57351 | Crypt:3  | Paralysed by something for 4 turns
 58443 | Zot:4    | Received a gift from Okawaru
 58975 | Zot:5    | Received a gift from Okawaru
 59134 | Zot:5    | Noticed an ancient lich
 59152 | Zot:5    | Killed an ancient lich
 59168 | Zot:5    | Noticed an ancient lich
 59198 | Zot:5    | Killed an ancient lich
 59267 | Zot:5    | Noticed an orb of fire
 59278 | Zot:5    | Gained mutation: You sometimes lose the ability to drink
                  | potions when taking damage. [an orb of fire]
 59280 | Zot:5    | Noticed a dread lich
 59287 | Zot:5    | Gained mutation: You are partially covered in iridescent
                  | scales. (AC +2) [hidden potential]
 59290 | Zot:5    | Killed an orb of fire
 59291 | Zot:5    | Reached skill level 15 in Invocations
 59293 | Zot:5    | Killed a dread lich
 59293 | Zot:5    | Noticed an ancient lich
 59307 | Zot:5    | Killed an ancient lich
 59371 | Zot:5    | Reached XP level 27. HP: 273/273 MP: 33/33
 59481 | Zot:5    | Noticed an orb of fire
 59498 | Zot:5    | Killed an orb of fire
 59555 | Zot:5    | Noticed a dread lich
 59565 | Zot:5    | Noticed an ancient lich
 59571 | Zot:5    | Killed a dread lich
 59585 | Zot:5    | Killed an ancient lich
 59828 | Zot:5    | Got the Orb of Zot
 60098 | Depths:1 | Noticed Ynaij the pandemonium lord
 60108 | Depths:1 | Received a gift from Okawaru
 60121 | Depths:1 | Killed Ynaij the pandemonium lord
 60420 | D:$      | Escaped with the Orb!

Illustrated notes

Levels and vault maps discovered:
D:1:      spicycebolla_arrival_xxxplode, layout_loops_corners,
          minmay_shallow_snake_nest
D:2:      layout_rooms, cheibrodos_gnoll_hut, uniq_robin
D:3:      layout_loops_corners, amcnicky_altar_gilded,
          mainiacjoe_overflow_24_doors, mainiacjoe_overflow_cross_hatched,
          nicolae_uskayaw_dance_hall
D:4:      layout_basic, lemuel_doored_altar, demons_altar,
          mainiacjoe_overflow_catwalk, uniq_eustachio
D:5:      layout_basic, serial_shops, nicolae_shop_gibbet_a_chance,
          corexii_shack
D:6:      layout_loops_ring, mainiacjoe_overflow_alcove_4, grunt_gozag_statues,
          uniq_grinder, uniq_pikel
D:7:      layout_basic, lemuel_tele_altar, minmay_temple_entry_offerings,
          dk_noncrumbling_3
D:8:      layout_basic, xom_teletrap_fun, kennysheep_dice
D:9:      minmay_weird_star, layout_irregular_city,
          mainiacjoe_overflow_boulevard, david_lair_shrubbed, serial_shops,
          shop, kennysheep_generic_room_6, uniq_prince_ribbit1
D:10:     layout_cave_pools, grunt_temple_overflow_growth_and_decay,
          trog_wizard, minmay_orc_entry_temple_small, enter_bailey_7
D:11:     layout_irregular_city, evilmike_butchery
D:12:     layout_gridville, minmay_misc_feat_x
D:13:     layout_roguey, serial_rivers, chequers_serial_rivers_micro_a,
          chequers_serial_rivers_micro_e, chequers_serial_rivers_small_3,
          chequers_serial_rivers_micro_d, chequers_serial_rivers_room_a,
          chequers_serial_rivers_micro_a, minmay_orc_keep, uniq_jorgrun,
          uniq_rupert
D:14:     layout_stronghold, david_vaults_5, nrook_campfire, uniq_josephine,
          uniq_roxanne, uniq_nessos
D:15:     hangedman_depths_entry_civil_slaughter, layout_loops_corners,
          serial_bayou_pond_d, minmay_fractal_squares_gapless_7
Temple:   nicolae_temple_ecumenical_triangle
Lair:1:   layout_misc_corridors, basic_altar
Lair:2:   layout_layer_cave, mainiacjoe_swamp_entry_angry_trees,
          ebering_ghost_disaster_area, gauntlet_entry_generic, uniq_urug,
          uniq_maggie, uniq_erica
Lair:3:   layout_chaotic_city, hellmonk_spider_entry_life_and_decay
Lair:4:   layout_regular_city, lemuel_fruit_fields, uniq_snorg
Lair:5:   evilmike_catoblepas_cave, layout_hall_layers,
          dpeg_slime_entry_enclosed, nicolae_volcano_entry_lava_flow
Swamp:1:  layout_falls_marsh, nicolae_swamp_some_circles, uniq_mlioglotl,
          uniq_aizul
Swamp:2:  layout_falls_marsh, evilmike_swamp_ruin_house_3, swamp_pool_5,
          beargit_elvish_explorers
Swamp:3:  regret_index_all_hallows'_manor, layout_basic_swamp,
          nicolae_swamp_reclaimed_castle, uniq_donald
Swamp:4:  swamp_alternative, layout_basic_swamp
Spider:1: layout_chambers, uniq_louise, uniq_asterion
Spider:2: layout_spider_delve, hangedman_spider_tarantella_strand
Spider:3: layout_spider_delve
Spider:4: grunt_spider_rune_circles, guppyfry_spider_mini_1
Slime:1:  layout_caves, basic_altar
Slime:2:  layout_caves, cheibrodos_slime_lost_civilization_4
Slime:3:  layout_caves
Slime:4:  layout_caves
Slime:5:  slime_pit_nicolae_jellycorners
Orc:1:    layout_caves, serial_shops, shop
Orc:2:    st_orc_mages, layout_caves, uniq_azrael
Elf:1:    nicolae_elf_arrival_fired_up, layout_rooms,
          portal_desolation_entry_salt, hangedman_elf_represent,
          nicolae_concentric_dashed_squares_mild, nicolae_elf_variegated_diamond
Elf:2:    nicolae_elf_blades_crystal_corner, layout_geoelf_diagonals
Elf:3:    minmay_elf_hall_quartered_circle, layout_gridlike, grunt_megastairs_5
Vaults:1: nicolae_vaults_meeting, nicolae_vaults_stairing_the_circle,
          nicolae_vaults_network_quinsquares
          [nicolae_vaults_network_quincunx_subvault,
          nicolae_vaults_network_quincunx_subvault,
          nicolae_vaults_network_quincunx_subvault,
          nicolae_vaults_network_quincunx_subvault],
          vaults_mumra_minichess_inversion, hangedman_vaults_impose,
          ontoclasm_vaults_decontamination, nicolae_vaults_trapezoid_lopsided_3,
          layout_vaults_chaotic_city, serial_shops, freezing_bzr
Vaults:2: st_octagons_1, v_misc_3, v_misc_26, v_misc_8,
          nicolae_vaults_apartment_1, v_misc_12, nicolae_vaults_double_plus_2,
          nicolae_vaults_little_squares_5, nicolae_vaults_house_1,
          layout_vaults_quadrants, serial_glass
Vaults:3: minmay_crypt_entry_nasty_monster, vaults_dpeg_hooks, v_alt_pattern_5,
          nicolae_vaults_house_1, nicolae_vaults_rhombus_6,
          nicolae_vaults_stepped_doors, nicolae_vaults_storage_room_glass,
          nicolae_vaults_hexular_roomagon, hangedman_vaults_nails,
          nicolae_vaults_double_plus_2, layout_vaults_ring, serial_shops, shop,
          nicolae_lakefront_shop, nicolae_shop_industrial_runoff
Vaults:4: grunt_vaults_focal, nicolae_vaults_little_ls, v_misc_17, v_pattern_5,
          nicolae_vaults_wine_cellar, nicolae_vaults_shipping_containers_4,
          nicolae_vaults_big_ls, nicolae_vaults_trapezoid_2,
          nicolae_vaults_mini_display_case, nicolae_vaults_network_barrier,
          nicolae_vaults_alarming, layout_vaults_maze_bifur, uniq_margery,
          uniq_bai_suzhen, uniq_jory
Vaults:5: serial_shops
Crypt:1:  layout_rooms
Crypt:2:  layout_misc_corridors, ebering_ghost_rock_garden, basic_altar,
          hellmonk_scarab_ruin, uniq_boris
Crypt:3:  due_elkab, layout_chaotic_city, minivault_23, uniq_frederick
Depths:1: layout_cross, enter_ziggurat_f, serial_co_window_serial,
          co_window_corner_a, co_window_paths_a, co_window_corner_a,
          co_window_of_opportunity_a, co_window_of_opportunity_a,
          co_window_broadway_c, co_window_unsneaky_path_e, co_window_cross_2,
          co_window_unsneaky_path_d, co_window_unsneaky_path_d, glass_columns_a,
          glass_columns_c, glass_columns_b, glass_columns_a, lightli_too_deep,
          grunt_ministairs_2
Depths:2: minmay_imperfect_grid, layout_cave_shapes, pf_hell_entry_tar_spiral,
          minmay_misc_feat_enclosed, rand_demon_pan_entry_9
Depths:3: grunt_runaround [grunt_runaround_loot, grunt_runaround_doors_1,
          grunt_runaround_doors_2, grunt_runaround_doors_3,
          grunt_runaround_doors_4], pan_entry, abyss_entry, serial_shops,
          hell_entry, uniq_josephina, uniq_parghit
Depths:4: evilmike_zot_entry_diamond, layout_basic, hell_entry,
          nicolae_qazlal_style_of_elements, abyss_entry_crystal,
          nicolae_shop_unique_rings
Zot:1:    layout_gridlike
Zot:2:    layout_misc_corridors
Zot:3:    layout_cellular_growth
Zot:4:    hangedman_orp_of_zott, layout_twisted_circle,
          regret_index_zotdec_split_disrupt, nicolae_shop_clearance
Zot:5:    layout_onion

Skill      XL: |  1  2  3  4  5  6  7  8  9 10 11 12 13 14 15 16 17 18 19 20 21 22 23 24 25 26 27 |
---------------+----------------------------------------------------------------------------------+-----
Fighting       | 4 5 7 8 9 11 13 15 16 18 19 20 21 22 23 24 26 27 | 27.0
Axes           | 3 4 5 6 8 10 12 13 15 16 17 18 19 20 21 22 23 24 25 27 | 27.0
Armour         | 4 7 8 10 12 13 14 15 16 17 18 19 20 21 23 26 27 | 27.0
Shields        | 4 5 6 7 9 10 12 14 16 18 20 22 23 24 25 | 25.3
Throwing       | 1 3 4 5 6 7 8 9 |  9.4
Invocations    | 3 6 8 9 10 11 15 18 | 18.4
Dodging        | 1 2 4 6 9 13 | 13.0
Evocations     | 3 6 7 |  7.8
Air Magic      | 3 |  3.2
Spellcasting   | 1 |  1.9
Short Blades   | |  0.3
Staves         | |  0.7
Ranged Weapons | |  0.3
Conjurations   | |  0.1
Summonings     | |  0.2

Action                     |  1- 3 |  4- 6 |  7- 9 | 10-12 | 13-15 | 16-18 | 19-21 | 22-24 | 25-27 || total
---------------------------+-------+-------+-------+-------+-------+-------+-------+-------+-------++-------
  Melee: War axe           |    92 |   139 |   228 |   531 |   951 |  1181 |   896 |       |       ||  4018
         Headbutt          |    12 |    18 |    51 |    89 |   239 |   408 |   386 |   679 |   610 ||  2492
         Broad axe         |       |       |       |       |    20 |   287 |   549 |  1888 |  1794 ||  4538
         Scimitar          |       |       |       |       |     8 |       |       |       |       ||     8
  Throw: Javelin           |       |       |     6 |    11 |    47 |    25 |    34 |    43 |    53 ||   219
         Boomerang         |       |       |       |    56 |    28 |    87 |       |       |       ||   171
 Invoke: Heroism           |       |       |       |     9 |     6 |     4 |    12 |     4 |    10 ||    45
         Finesse           |       |       |       |     4 |     4 |     3 |    12 |     6 |     9 ||    38
         Receive Weapon    |       |       |       |       |     1 |       |       |       |       ||     1
         Receive Armour    |       |       |       |       |     1 |       |       |       |       ||     1
Ability: Evoke Invisibilit |       |       |       |       |       |       |       |       |     1 ||     1
  Evoke: Wand              |       |       |       |    12 |       |       |       |       |     4 ||    16
         Lightning rod     |       |       |       |     2 |     4 |     4 |       |       |     1 ||    11
         Tin of tremorston |       |       |       |       |     2 |     2 |       |       |       ||     4
    Use: Scroll            |       |     1 |     8 |    18 |    15 |     8 |    11 |     5 |     3 ||    69
         Potion            |       |     1 |     5 |     3 |     1 |     5 |     7 |     3 |     9 ||    34
   Stab: Invisible         |       |       |       |       |       |       |    20 |    11 |     2 ||    33
         Distracted        |       |       |       |       |       |       |       |     1 |       ||     1
 Armour: Scale mail        |    60 |    90 |   109 |       |       |       |       |       |       ||   259
         Chain mail        |       |       |    58 |    70 |       |       |       |       |       ||   128
         Plate armour      |       |       |       |   196 |       |       |       |       |       ||   196
         Crystal plate arm |       |       |       |    16 |   900 |   919 |   541 |   997 |   668 ||  4041
         Swamp dragon scal |       |       |       |       |       |   167 |       |       |       ||   167
         Skin              |       |       |       |       |       |       |     1 |       |       ||     1
  Dodge: Dodged            |    59 |    42 |    90 |   176 |   206 |   249 |   163 |   294 |   384 ||  1663
  Block: Buckler           |    26 |    26 |    48 |   105 |   157 |       |       |       |       ||   362
         Tower shield      |       |       |       |       |   325 |  1951 |  1599 |  2309 |  1832 ||  8016
         Reflection        |       |       |       |       |       |    27 |   116 |     8 |       ||   151
